 Dungeon Crawl Stone Soup version 0.29-a0-732-g3d7fbe0af2 (webtiles) character file.

Game seed: 14267815087996164150

763 loir the Magician (level 8, -5/58 HPs)
             Began as a Djinni Fire Elementalist on June 29, 2022.
             Slain by a two-headed ogre
             ... wielding a +0 giant spiked club
              (8 damage)
             ... on level 8 of the Dungeon.
             The game lasted 00:21:47 (4554 turns).

loir the Magician (Djinni Fire Elementalist)        Turns: 4554, Time: 00:21:48

Health: -5/58      AC:  3    Str:  7    XL:     8   Next: 8%
Gold:   171        EV: 12    Int: 19    God:
                   SH:  0    Dex: 14

rFire   + + .      SeeInvis .   g - staff of cold
rCold   . . .      Faith    .   (no shield)
rNeg    . . .      Spirit   .   a - +0 robe
rPois   ∞          Reflect  .   h - +0 helmet
rElec   .          Harm     .   (no cloak)
rCorr   .          Rampage  .   (no gloves)
Will    .....                   (boots unavailable)
Stlth   ++........              (no amulet)
HPRegen 0.19/turn               (no ring)
MPRegen 0.00/turn               (no ring)

@: flying
A: sickness immunity, fire resistance 2, cold vulnerability 1, float, innate
caster, HP casting, extra vitality 1
a: no special abilities


You were on level 8 of the Dungeon.
You visited 1 branch of the dungeon, and saw 6 of its levels.

You collected 231 gold pieces.
You spent 60 gold pieces at shops.

Inventory:

Missiles
 c - 60 stones
 f - 6 atropa-tipped darts
 m - 4 poisoned darts
Armour
 a - a +0 robe (worn)
 h - a +0 helmet (worn)
 q - +0 steam dragon scales
Magical Staves
 g - a staff of cold (weapon)
Wands
 n - a wand of iceblast (11)
 p - a wand of flame (11)
Scrolls
 d - a scroll of magic mapping
 k - 4 scrolls of teleportation
 o - a scroll of fog {unknown}
Potions
 b - 2 potions of haste
 e - a potion of lignification
 i - 3 potions of curing
 j - 2 potions of resistance
 l - a potion of degeneration {unknown}


   Skills:
 + Level 4.6 Fighting
 - Level 2.1 Dodging
 - Level 1.5 Stealth
 * Level 5.8 Spellcasting


You couldn't memorise any spells.
You knew the following spells:

 Your Spells              Type           Power      Damage    Failure   Level
a - Foxfire               Conj/Fire      100%       2x1d9     1%          1
b - Scorch                Fire           54%        2d8       1%          2
c - Conjure Flame         Conj/Fire      27%        6-21      3%          3
d - Inner Flame           Hex/Fire       27%        N/A       3%          3
e - Flame Wave            Conj/Fire      27%        2d7       11%         4
f - Sandblast             Erth           54%        2d13      1%          1
g - Blink                 Tloc           54%        N/A       1%          2
h - Frozen Ramparts       Ice            82%        1d10      3%          3
Your spell library was empty.

Dungeon Overview and Level Annotations

Branches:
Dungeon (5/15)
 Temple: D:4-7

Altars:
Fedhas
Nemelex Xobeh

Shops:
D:3 !?(


Innate Abilities, Weirdness & Mutations

You are immune to sickness and miasma.
You are immune to poison.
Your flesh is very heat resistant. (rF++)
You are vulnerable to cold. (rC-)
You float through the air rather than walking.
You learn spells naturally, not from books.
Your magical power is your life essence.
You have superior vitality. (+4 MHP)


Message History

Press: ? - help, Q - select action, (/) - cycle Dir - look around, f - activate You can't see that place. [the floor.]
You conjure some foxfire!
The foxfire hits the two-headed ogre.
The two-headed ogre is lightly wounded.
Casting: Foxfire (safe; 1% risk of failure)
Press: ? - help, Q - select action, (/) - cycle Dir - look around, f - activate You conjure some foxfire!
The foxfire hits the two-headed ogre.
The two-headed ogre is lightly wounded.
The foxfire hits the two-headed ogre.
The two-headed ogre is lightly wounded.
The foxfire hits the two-headed ogre.
The two-headed ogre is lightly wounded.
The foxfire hits the two-headed ogre.
The two-headed ogre is lightly wounded.
Casting: Foxfire (safe; 1% risk of failure)
Confirm with . or Enter, or press ? or * to list all spells.
Flames lash the two-headed ogre.
The two-headed ogre is moderately wounded.
The two-headed ogre's fire resistance burns away.
The foxfire hits the two-headed ogre.
The two-headed ogre is burned terribly!
The two-headed ogre is moderately wounded.
Casting: Scorch (safe; 1% risk of failure)
Confirm with . or Enter, or press ? or * to list all spells.
Flames lash the two-headed ogre.
The two-headed ogre is burned terribly!
The two-headed ogre is heavily wounded.
The two-headed ogre hits you with a +0 giant spiked club!! x2
* * * LOW HITPOINT WARNING * * *
Casting: Scorch (safe; 1% risk of failure)
Confirm with . or Enter, or press ? or * to list all spells.
Flames lash the two-headed ogre.
The two-headed ogre is burned terribly!
The two-headed ogre is severely wounded.
* * * LOW HITPOINT WARNING * * *
The two-headed ogre attacks as you move away!
The two-headed ogre closely misses you. The two-headed ogre misses you.
The two-headed ogre attacks as you move away!
The two-headed ogre hits you with a +0 giant spiked club!
You die...

...#### #.†###.#
#...#.# #. ####
..........#.#
#.#.#.###.
#.####..#.#.#
#.#.#.....
...#.#.#
#.#..####+
#...#.#.#
#.#..#....
#...#.#.#
#.#.......
#...#.#.#
#.#.#.....
#...#.#.#
#.#..... . #..@#
# #.#..... #.
#..O#.# .#
#.#..##.
#..#..<#.#.#.#
#.##.##.
##..#.......#.#
#.##.##.
#.......#.###.#
#.##.##.
..##.....#...#.#
#.##.##.
.........###.#.#
#.##..#.
........<....#.#
#.###.#.
...##.....)....#
#.# .#.


You could see a two-headed ogre (combustible).

Vanquished Creatures
  A steam dragon (D:8)
  An ice beast (D:8)
  2 ogres
  A necrophage (D:4)
  A hound (D:4)
  3 orc priests (D:8)
  An iguana (D:5)
  2 orc wizards (D:8)
  6 adders
  A worm (D:2)
  A dart slug (D:1)
  An orc (D:8)
  8 ball pythons
  3 bats
  7 endoplasms
  8 giant cockroaches
  8 goblins
  7 hobgoblins
  3 quokkas
  3 frilled lizards
  4 kobolds
  4 rats
76 creatures vanquished.

Vanquished Creatures (others)
  256 foxfires
256 creatures vanquished.

Grand Total: 332 creatures vanquished

Notes
Turn   | Place    | Note
-------+----------+-------------------------------------------
     0 | D:1      | loir the Djinni Fire Elementalist began the quest for the
                  | Orb.
     0 | D:1      | loir set off with the following spells memorised: Foxfire,
                  | Scorch, Conjure Flame, Inner Flame, Flame Wave.
     0 | D:1      | Reached XP level 1. HP: 15/15 MP: 0/0
   228 | D:1      | Reached XP level 2. HP: 19/22 MP: 0/0
   418 | D:1      | Reached skill level 1 in Fighting
   475 | D:1      | Reached skill level 3 in Spellcasting
   475 | D:1      | Reached XP level 3. HP: 9/27 MP: 0/0
   475 | D:1      | Learned a level 1 spell: Sandblast
   842 | D:1      | Found a faded altar of an unknown god.
  1551 | D:2      | Reached XP level 4. HP: 25/32 MP: 0/0
  2549 | D:3      | Found Qivvahos's Magic Scroll Boutique.
  2558 | D:3      | Bought a scroll of identify for 24 gold pieces
  2558 | D:3      | Bought a scroll of teleportation for 36 gold pieces
  2839 | D:3      | Reached XP level 5. HP: 34/38 MP: 0/0
  2839 | D:3      | Learned a level 2 spell: Blink
  2968 | D:3      | Found Goloaketh's Antique Weapon Shop.
  3082 | D:3      | Found Lihukaess's Distillery.
  3090 | D:3      | Noticed an ogre
  3096 | D:3      | Killed an ogre
  3097 | D:3      | Reached skill level 4 in Spellcasting
  3300 | D:4      | Reached XP level 6. HP: 40/45 MP: 0/0
  3553 | D:4      | Found a sparkling altar of Nemelex Xobeh.
  3829 | D:5      | Entered Level 5 of the Dungeon
  3829 | D:5      | Noticed an ogre
  3836 | D:5      | Killed an ogre
  3956 | D:5      | Reached XP level 7. HP: 44/50 MP: 0/0
  3956 | D:5      | Learned a level 3 spell: Frozen Ramparts
  4087 | D:5      | You are sucked into a shaft and drop 3 floors!
  4106 | D:8      | Reached skill level 5 in Spellcasting
  4244 | D:8      | Noticed a steam dragon
  4251 | D:8      | Killed a steam dragon
  4327 | D:8      | Reached XP level 8. HP: 44/58 MP: 0/0
  4455 | D:8      | Found a blossoming altar of Fedhas.
  4545 | D:8      | Noticed a two-headed ogre
  4554 | D:8      | Slain by a two-headed ogre

Illustrated notes

Levels and vault maps discovered:
D:1:      lightli_arrival_farm, layout_rooms, basic_ecumenical_altar
D:2:      layout_loops_ring
D:3:      layout_loops_cross, serial_shops, shop_fountains,
          nicolae_shop_behind_doors, nicolae_shop_temple_entry_statues_fountains
D:4:      layout_cave_pools, mainiacjoe_overflow_brackets
D:5:      layout_basic, nicolae_ashenzari_skybound, uniq_duvessa,
          uniq_crazy_yiuf_cottage, uniq_blork_the_orc
D:8:      layout_basic, okawaru_metal_pillars_1_2,
          mainiacjoe_overflow_tiny_flanked, st_stairs_9, uniq_gastronok

Skill      XL: |  1  2  3  4  5  6  7 |
---------------+----------------------+-----
Fighting       | 1 2 3 4 |  4.6
Spellcasting   | 3 4 5 |  5.8
Dodging        | |  2.1
Stealth        | |  1.5

Action                   |  1- 3 |  4- 6 |  7- 9 || total
-------------------------+-------+-------+-------++-------
 Cast: Foxfire           |    56 |    74 |    32 ||   162
       Scorch            |     5 |    19 |    10 ||    34
  Use: Scroll            |     5 |     4 |     1 ||    10
Dodge: Dodged            |     9 |     5 |     2 ||    16

Table legend: (Time is in decaauts)
 A = Elapsed time spent in this place.
 B = Non-inter-level travel time spent in this place.
 C = Inter-level travel time spent in this place.
 D = Time resting spent in this place.
 E = Time spent auto-exploring this place.
 F = Levels seen in this place.
 G = Mean time per level.
                   A        B        C        D        E       F      G
               +--------+--------+--------+--------+--------+-----+--------+
         Total |   4552 |   4369 |    183 |    248 |   3519 |   6 |  758.7 |
       Dungeon |   4552 |   4369 |    183 |    248 |   3519 |   6 |  758.7 |
               +--------+--------+--------+--------+--------+-----+--------+

Top non-repeatable levels by time:
     D:1: 1452 daAuts
     D:2: 1016 daAuts
     D:3: 802 daAuts
     D:4: 556 daAuts
     D:8: 466 daAuts
     D:5: 257 daAuts
